 Dungeon Crawl Stone Soup version 0.17.1-3-g152610e (webtiles) character file.

12071 Metrazal the Unseen (level 11, -6/49 HPs)
             Began as a Spriggan Assassin on Mar 12, 2016.
             Was a Priest of Elyvilon.
             Hit by a large rock thrown by a stone giant (55 damage)
             ... on level 3 of the Orcish Mines on Mar 13, 2016.
             The game lasted 02:15:22 (15406 turns).

Metrazal the Unseen (Spriggan Assassin)            Turns: 15406, Time: 02:15:38

Health: -6/49      AC:  7    Str:  7    XL:     11   Next: 57%
Magic:  4/12       EV: 32    Int: 13    God:    Elyvilon [***...]
Gold:   789        SH:  0    Dex: 21    Spells: 0 memorised, 10 levels left

rFire  . . .     SeeInvis +     b - +0 blowgun
rCold  + . .     Clarity  .     T - +2 robe {rN+}
rNeg   + + .     SustAt   .     (shield restricted)
rPois  .         Gourm    .     (helmet restricted)
rElec  +         Spirit   .     M - +2 cloak
rCorr  .         Warding  .     (gloves unavailable)
rMut   +         Stasis   .     (boots unavailable)
MR     +....                    U - amulet of resist mutation
Stlth  +++++++...               u - +4 ring of slaying
                                y - ring "Alah" {rElec rC+ rN+}

@: very quick, somewhat resistant to hostile enchantments, extremely stealthy
A: unfitting armour, see invisible, herbivore 3, speed 3, slow metabolism 2
a: Lesser Healing, Heal Other, Purification, Divine Protection, Renounce
Religion


You were on level 3 of the Orcish Mines.
You worshipped Elyvilon.
Elyvilon was most pleased with you.
You were not hungry.

You visited 3 branches of the dungeon, and saw 16 of its levels.
You visited the Abyss 1 time.

You collected 1493 gold pieces.
You spent 704 gold pieces at shops.

Inventory:

Hand Weapons
 a - a +2 dagger
 b - a +0 blowgun (weapon)
 c - a +0 hunting sling
 d - a +0 shortbow
 m - a +2 antimagic short sword
 v - a +1 dagger of venom
Missiles
 e - 26 poisoned needles (quivered)
 f - 2 curare-tipped needles
 g - 3 poisoned sling bullets
 i - 380 stones
 n - 183 arrows
 p - 45 sling bullets
 R - 14 arrows of frost
Armour
 M - a +2 cloak (worn)
 T - a +2 robe of positive energy (worn)
Jewellery
 h - an uncursed ring of magical power
 u - a +4 ring of slaying (right hand)
 y - the ring "Alah" (left hand) {rElec rC+ rN+}
   (You found it on level 7 of the Dungeon)

   [ring of protection from cold]

   It protects you from cold.
   It insulates you from electricity.
   It protects you from negative energy.
 C - an uncursed ring of sustain attributes
 I - an uncursed ring of flight
 J - an uncursed ring of protection from fire
 U - an amulet of resist mutation (around neck)
Wands
 w - a wand of flame (11)
 x - a wand of slowing (12)
 E - a wand of frost (19)
 N - a wand of polymorph (15)
 P - a wand of fireball (7)
 Q - a wand of confusion (29)
Scrolls
 j - 4 scrolls of remove curse
 r - 4 scrolls of magic mapping
 s - 2 scrolls of amnesia
 z - 2 scrolls of recharging
 D - 2 scrolls of teleportation
 F - a scroll of identify
 K - a scroll of enchant weapon
Potions
 k - 2 potions of heal wounds
 l - 8 potions of curing
 o - a potion of cancellation {unknown}
 q - a potion of poison {unknown}
 t - a potion of beneficial mutation {unknown}
 A - a potion of resistance {unknown}
 B - 6 potions of might
 H - a potion of mutation {unknown}
 L - 2 potions of haste
 S - 3 potions of lignification
Comestibles
 G - 7 bread rations
 O - 9 fruits


   Skills:
 - Level 1.5 Fighting
 + Level 10.6 Short Blades
 + Level 6.8(7.1) Slings
 + Level 6.7 Bows
 - Level 2.0(4.1) Throwing
 + Level 13.4 Dodging
 + Level 15.2 Stealth


You had 10 spell levels left.
You didn't know any spells.

Dungeon Overview and Level Annotations

Branches:
Dungeon (11/15)            Temple (1/1) D:7            Lair (0/8) D:10
    Orc (4/4) D:11            Elf (0/3) Orc:3

Altars:
Ashenzari
Cheibriados
Dithmenos
Elyvilon
Fedhas
Gozag
Kikubaaqudgha
Makhleb
Nemelex Xobeh
Okawaru
Qazlal
Ru
Sif Muna
Trog
Vehumet
Xom
Yredelemnul
Zin
The Shining One
Beogh

Shops:
D:11 [   Orc:4 !?

Annotations:
D:4 Clownie's ghost, amateur MfEn
D:5 Clownie's ghost, novice MfEn


Innate Abilities, Weirdness & Mutations

You are tiny and cannot use many weapons and most armour.
You have supernaturally acute eyesight.
You are a herbivore.
You cover ground extremely quickly.
You need consume almost no food.


Message History

You now have 717 gold pieces (gained 6).
You now have 722 gold pieces (gained 5).
You now have 743 gold pieces (gained 21).
You now have 754 gold pieces (gained 11).
You now have 765 gold pieces (gained 11).
You now have 789 gold pieces (gained 24).
A stone giant comes into view.
Wield which item (- for none, * to show all)? (? for menu, Esc to quit)
You feel magic returning to you.
b - a +0 blowgun (weapon)
Firing (i - inventory. (,) - cycle):
e - 27 poisoned needles (quivered)
Press: ? - help, Shift-Dir - straight line, f - stone giant
Aim: a stone giant (resting)
You shoot a poisoned needle.
The helpless stone giant fails to defend itself.
The poisoned needle hits the stone giant in a vulnerable spot!!
The stone giant is poisoned.
The stone giant throws a large rock.
The large rock hits you!!!
Ouch! That really hurt!
You die...

.....##....^...
............... ..##
...#............# C..#
...#.#..#........#...
# .......)........ ...
.# >......)........
..#$##
.......).....#.##.#...
......#.........#..#.#
................@...#
...................##
#.......<...........#
....................#
..##.................#
.# #....##.....#..#.##
. #.....##........##
##.#..####.....##
##....# ###.###


You could see a stone giant.

Vanquished Creatures
  Erolcha (D:8)
  An orc high priest (Orc:4)
  An unseen horror (D:9)
  Pikel (D:5)
  3 orc sorcerers
  A cyclops (Orc:4)
  A fire drake (D:10)
  2 trolls
  A two-headed ogre (D:10)
  A spriggan (D:7)
  A deep elf mage (D:10)
  A hungry ghost (D:5)
  6 yaks (D:10)
  A hippogriff (D:7)
  A wyvern (D:10)
  A warg (Orc:1)
  12 orc warriors
  3 ice beasts
  A black bear (D:7)
  A phantom (D:5)
  5 centaurs
  7 ogres
  A necrophage (D:8)
  7 giant frogs
  3 big kobolds
  Blork the orc (D:5)
  2 wyvern zombies (D:10)
  2 scorpions
  3 killer bees (D:9)
  4 crimson imps
  A quasit (D:7)
  2 jellies
  7 orc priests
  2 giant frog zombies
  4 hounds
  2 centaur skeletons
  Crazy Yiuf (D:2)
  Ijyb (D:2)
  2 giant frog skeletons
  4 iguanas
  8 worker ants
  13 orc wizards
  A hound zombie (D:8)
  A hound skeleton (D:5)
  2 worker ant zombies
  7 gnolls
  8 adders
  An ooze (D:1)
  An adder skeleton (D:8)
  3 worms
  9 giant geckos
  82 orcs
  A ball python (D:2)
  10 bats
  7 giant cockroaches
  13 goblins
  6 hobgoblins
  4 jackals
  2 quokkas
  A giant cockroach zombie (D:6)
  A giant gecko zombie (D:5)
  4 giant newts
  2 gnoll zombies (D:4)
  15 kobolds
  A quokka skeleton (D:4)
  4 rats
309 creatures vanquished.

Vanquished Creatures (others)
  2 slaves (D:5)
2 creatures vanquished.

Grand Total: 311 creatures vanquished

Notes
Turn   | Place    | Note
--------------------------------------------------------------
     0 | D:1      | Metrazal the Spriggan Assassin began the quest for the Orb.
     0 | D:1      | Reached XP level 1. HP: 10/10 MP: 2/2
   297 | D:1      | Reached skill level 6 in Stealth
   305 | D:1      | Reached XP level 2. HP: 2/14 MP: 3/3
  1402 | D:1      | Reached XP level 3. HP: 18/18 MP: 4/4
  1798 | D:2      | Noticed Ijyb
  1816 | D:2      | Killed Ijyb
  1816 | D:2      | Reached XP level 4. HP: 14/22 MP: 5/5
  2098 | D:2      | Reached skill level 7 in Stealth
  2348 | D:2      | Noticed Crazy Yiuf
  2402 | D:2      | Killed Crazy Yiuf
  2402 | D:2      | Reached XP level 5. HP: 11/25 MP: 6/6
  2892 | D:3      | Found a sacrificial altar of Ru.
  3033 | D:3      | Reached skill level 8 in Stealth
  3177 | D:3      | Reached skill level 5 in Dodging
  3420 | D:3      | Reached XP level 6. HP: 28/30 MP: 7/7
  4292 | D:4      | Noticed Clownie's ghost (amateur MfEn)
  4315 | D:4      | Found a shadowy altar of Dithmenos.
  4875 | D:4      | Reached skill level 5 in Short Blades
  4875 | D:4      | Reached skill level 9 in Stealth
  4875 | D:4      | Reached XP level 7. HP: 15/33 MP: 8/8
  5184 | D:4      | Found a basalt altar of Yredelemnul.
  5472 | D:5      | Entered Level 5 of the Dungeon
  5644 | D:5      | Noticed Clownie's ghost (novice MfEn)
  5676 | D:5      | Noticed Blork the orc
  5688 | D:5      | Killed Blork the orc
  5696 | D:5      | Found a deep blue altar of Sif Muna.
  5696 | D:5      | Found a snail-covered altar of Cheibriados.
  6000 | D:5      | Reached skill level 10 in Stealth
  6105 | D:5      | Found a shimmering altar of Xom.
  6105 | D:5      | Found an ancient bone altar of Kikubaaqudgha.
  6267 | D:5      | Noticed Pikel
  6274 | D:5      | Reached XP level 8. HP: 37/37 MP: 9/9
  6291 | D:5      | Killed Pikel
  6291 | D:5      | Reached skill level 11 in Stealth
  6538 | D:5      | Found a burning altar of Makhleb.
  7264 | D:6      | Reached XP level 9. HP: 41/41 MP: 10/10
  7295 | D:6      | Reached skill level 10 in Dodging
  7325 | D:6      | Reached skill level 12 in Stealth
  8128 | D:7      | Got a slimy cloak
  8139 | D:7      | Identified the +0 cloak of Zausemnu {-Tele rPois rF+ Str+4 Slay-5} (You found it on level 7 of the Dungeon)
  8274 | D:7      | Got a sparkling lead ring
  8275 | D:7      | Identified the ring "Alah" {rElec rC+ rN+} (You found it on level 7 of the Dungeon)
  8303 | D:7      | Found a staircase to the Ecumenical Temple.
  8314 | Temple   | Entered the Ecumenical Temple
  8357 | Temple   | Became a worshipper of Elyvilon the Healer
  9144 | D:8      | Noticed Erolcha
  9147 | D:8      | Cast into the Abyss (Erolcha)
  9151 | D:8      | Escaped the Abyss
  9178 | D:8      | Killed Erolcha
  9178 | D:8      | Reached skill level 13 in Stealth
  9390 | D:8      | Found an iron altar of Okawaru.
  9393 | D:8      | Found a glowing golden altar of the Shining One.
  9395 | D:8      | Found an opulent altar of Gozag.
  9532 | D:8      | Reached XP level 10. HP: 45/45 MP: 11/11
 10029 | D:8      | Reached * piety under Elyvilon
 11354 | D:9      | Found a radiant altar of Vehumet.
 11449 | D:9      | Noticed an unseen horror
 11451 | D:9      | Killed an unseen horror
 11697 | D:10     | Entered Level 10 of the Dungeon
 11737 | D:10     | Reached ** piety under Elyvilon
 11980 | D:10     | Reached skill level 14 in Stealth
 12171 | D:10     | Reached skill level 5 in Slings
 12171 | D:10     | Reached skill level 5 in Bows
 12268 | D:10     | Reached skill level 10 in Short Blades
 12447 | D:10     | Found a staircase to the Lair.
 12470 | D:10     | Reached XP level 11. HP: 48/48 MP: 12/12
 12990 | D:11     | Found Emerph's Antique Armour Emporium.
 13067 | D:11     | Found a staircase to the Orcish Mines.
 13107 | Orc:1    | Entered Level 1 of the Orcish Mines
 13401 | Orc:2    | Found a roughly hewn altar of Beogh.
 13761 | Orc:4    | Entered Level 4 of the Orcish Mines
 13761 | Orc:4    | Found Reahuer's Magic Scroll Shop.
 13807 | Orc:4    | Bought a scroll of identify for 26 gold pieces
 13807 | Orc:4    | Bought a scroll of enchant weapon for 97 gold pieces
 13807 | Orc:4    | Bought a scroll of identify for 26 gold pieces
 13807 | Orc:4    | Bought a scroll of identify for 26 gold pieces
 13807 | Orc:4    | Bought a scroll of teleportation for 39 gold pieces
 13854 | Orc:4    | Reached *** piety under Elyvilon
 13884 | Orc:4    | Found a roughly hewn altar of Beogh.
 14235 | Orc:4    | Noticed an orc high priest
 14270 | Orc:4    | Killed an orc high priest
 14321 | Orc:4    | Reached skill level 15 in Stealth
 14604 | Orc:4    | Found a roughly hewn altar of Beogh.
 14606 | Orc:4    | Found Uhusihoo's Distillery.
 14612 | Orc:4    | Noticed an ice devil
 14851 | Orc:4    | Bought a potion of curing for 42 gold pieces
 14851 | Orc:4    | Bought 2 potions of curing for 84 gold pieces
 14851 | Orc:4    | Bought 3 potions of might for 168 gold pieces
 14851 | Orc:4    | Bought a potion of might for 56 gold pieces
 14851 | Orc:4    | Bought a potion of haste for 140 gold pieces
 15016 | Orc:4    | Found a roughly hewn altar of Beogh.
 15128 | Orc:3    | Found a staircase to the Elven Halls.
 15404 | Orc:3    | Noticed a stone giant
 15406 | Orc:3    | Hit by a large rock thrown by a stone giant

Action                   |  1- 3 |  4- 6 |  7- 9 | 10-12 || total
-------------------------+-------+-------+-------+-------++-------
Melee: Dagger            |   111 |   181 |   279 |   294 ||   865
       Short sword       |       |       |       |   201 ||   201
 Fire: Blowgun           |       |    24 |    46 |    86 ||   156
       Hunting sling     |       |       |       |    28 ||    28
Throw: Stone             |       |     8 |     5 |    21 ||    34
Invok: Purification      |       |       |       |     1 ||     1
  Use: Scroll            |     6 |     5 |     6 |    11 ||    28
       Potion            |       |       |       |     1 ||     1
 Stab: Sleeping          |    10 |    11 |    17 |    39 ||    77
       Distracted        |     1 |     1 |     1 |     5 ||     8
  Eat: Pizza             |       |     1 |       |       ||     1
       Bread ration      |       |       |     3 |       ||     3
       Fruit             |       |       |     1 |     3 ||     4
